 Dungeon Crawl Stone Soup version 0.30-a0-1161-g0704695555 (webtiles) character file.

Game seed: 5923879099557014280

106 qeuew the Covered (level 4, -2/40 HPs)
             Began as a Hill Orc Fighter on Apr 27, 2023.
             Was an Initiate of Beogh.
             Slain by an orc priest
             ... wielding a +0 war axe
              (4 damage)
             ... on level 3 of the Dungeon.
             The game lasted 00:02:22 (1838 turns).

qeuew the Covered (Hill Orc Fighter)                Turns: 1838, Time: 00:02:23

Health: -2/40      AC:  7    Str: 20    XL:     4   Next: 84%
Magic:  4/4        EV:  9    Int:  8    God:    Beogh [......]
Gold:   97         SH:  4    Dex: 10    Spells: 3/3 levels left

rFire   + . .        a - +0 war axe (heavy)
rCold   . . .        c - +0 buckler
rNeg    . . .        b - +0 scale mail
rPois   .            (no helmet)
rElec   .            (no cloak)
rCorr   .            (no gloves)
SInv    .            (no boots)
Will    .....        (no amulet) Stlth
                     i - ring of protection from fire
HPRegen 0.26/turn    (no ring)
MPRegen 0.09/turn

%: no passive effects
@: no status effects
A: no striking features
a: Renounce Religion


You were on level 3 of the Dungeon.
You worshipped Beogh.
Beogh was noncommittal.
You visited 1 branch of the dungeon, and saw 3 of its levels.

You collected 97 gold pieces.

Inventory:

Hand Weapons
 a - a +0 heavy war axe (weapon)
Armour
 b - a +0 scale mail (worn)
 c - a +0 buckler (worn)
Jewellery
 i - a ring of protection from fire (left hand)
Wands
 l - a wand of light (7)
Scrolls
 e - a scroll of teleportation
 h - 2 scrolls of identify
 n - a scroll of acquirement {unknown}
Potions
 d - 3 potions of might
 f - a potion of lignification {unknown}
 g - a potion of haste
 j - a potion of berserk rage {unknown}
 k - 2 potions of ambrosia {unknown}
 m - a potion of curing {unknown}


   Skills:
 + Level 4.1 Fighting
 * Level 4.0 Axes
 * Level 4.3 Armour
 + Level 0.9 Dodging
 + Level 3.7 Shields
 * Level 0.6 Invocations


You had 3 spell levels left.
You didn't know any spells.
Your spell library contained the following spells:

 Spells                   Type           Power      Damage    Failure   Level
 Sting                    Tmut/Pois      0%         1d3       83%         1
 Poisonous Vapours        Pois/Air       0%         N/A       92%         2
 Gell's Gravitas          Tloc           0%         N/A       99%         3
 Teleport Other           Tloc           0%         N/A       99%         3
 Olgreb's Toxic Radiance  Pois           0%         N/A       100%        4
 Dispersal                Tloc           0%         N/A       100%        6


Dungeon Overview and Level Annotations

Branches:
Dungeon (3/15)

Altars:
Yredelemnul

Shops:
D:1 *   D:2 [


Message History

The orc priest invokes the aid of Beogh against you.
Pain shoots through your body!
The hobgoblin hits you but does no damage.
You are too injured to fight recklessly!
You are too injured to fight recklessly!
You are too injured to fight recklessly!
You are too injured to fight recklessly!
You are too injured to fight recklessly!
You are too injured to fight recklessly!
You are too injured to fight recklessly!
You are too injured to fight recklessly!
You are too injured to fight recklessly!
You are too injured to fight recklessly!
You are too injured to fight recklessly!
You are too injured to fight recklessly!
You are too injured to fight recklessly!
Unknown command.
You closely miss the orc priest. You closely miss the hobgoblin.
You block the hobgoblin's attack. The orc priest barely misses you.
The orc priest hits you but does no damage.
The hobgoblin hits you but does no damage.
Unknown command.
You barely miss the orc priest. You slash the hobgoblin!
You kill the hobgoblin!
Beogh accepts your kill. The orc priest closely misses you.
The orc priest invokes the aid of Beogh against you.
Pain shoots through your body!
* * * LOW HITPOINT WARNING * * *
The endoplasm freezes you.
You are frozen.
* * * LOW HITPOINT WARNING * * *
You closely miss the orc priest. You barely miss the endoplasm.
The endoplasm freezes you.
You are frozen.
* * * LOW HITPOINT WARNING * * *
You block the orc priest's attack.
The orc priest hits you with a +0 war axe.
You die...
Beogh appreciates the orc priest's killing of a heretic priest.

.... #.#.# #
>..#.#.#.###### #o
....#.#....... g..
.#..........### ....
.#.#.#......#..
.J...####...#........#..
.r.................###..
#Jo..........###..
#@#......#.####...
#.#.#..###.####...
#.#.#.............
..#####.#.#.####...##...
......†.<...............
###########.######.##...
......†..# #..#...
########## ##...##
###..#


You could see an orc priest and an endoplasm.

Vanquished Creatures
  An orc priest (D:3)
  An adder (D:2)
  3 dart slugs (D:1)
  4 orcs (D:3)
  7 ball pythons
  3 endoplasms
  4 giant cockroaches
  3 goblins
  9 hobgoblins
  11 jackals (D:1)
  3 bats
  4 frilled lizards
  6 kobolds
  5 rats
64 creatures vanquished.

Vanquished Creatures (others)
  An orc priest (D:3)
  An orc (D:3)
  6 plants (D:2)
8 creatures vanquished.

Grand Total: 72 creatures vanquished

Notes
Turn   | Place    | Note
-------+----------+-------------------------------------------
     0 | D:1      | qeuew the Hill Orc Fighter began the quest for the Orb.
     0 | D:1      | Reached XP level 1. HP: 19/19 MP: 1/1
    56 | D:1      | Found a faded altar of an unknown god.
   147 | D:1      | Reached XP level 2. HP: 27/27 MP: 2/2
   277 | D:1      | Found Cejyv's General Store.
   624 | D:1      | Reached XP level 3. HP: 33/33 MP: 3/3
   865 | D:2      | Reached XP level 4. HP: 40/40 MP: 4/4
  1282 | D:2      | Found Lude's Antique Armour Emporium.
  1452 | D:3      | Identified the +1 spear of Charity {flame, rC++ Str+3}
  1493 | D:3      | Became a worshipper of Beogh the Brigand
  1731 | D:3      | Found a basalt altar of Yredelemnul.
  1838 | D:3      | HP: 2/40 [frozen (5)]
  1838 | D:3      | Slain by an orc priest

Illustrated notes

Levels and vault maps discovered:
D:1:      ncdulo_lavacross, layout_basic, serial_shops, nicolae_shop_tiny_glass,
          ebering_ecumenical_altar_hall
D:2:      layout_loops_ring, serial_bayou, serial_bayou_shore_b,
          serial_bayou_pond_b, serial_bayou_shore_b, serial_bayou_pond_c,
          serial_bayou_pond_d, serial_shops, nicolae_shop_dealshenge
D:3:      layout_basic, lemuel_doored_altar

Skill      XL: |  1  2  3  4 |
---------------+-------------+-----
Axes           | 3 4 |  4.0
Armour         | 4 |  4.3
Fighting       | 4 |  4.1
Dodging        | |  0.9
Shields        | |  3.7
Invocations    | |  0.6

Action                     |  1- 3 |  4- 6 || total
---------------------------+-------+-------++-------
  Melee: War axe           |    84 |    48 ||   132
 Invoke: Convert to Beogh  |       |     1 ||     1
    Use: Scroll            |     3 |     2 ||     5
         Potion            |     1 |       ||     1
 Armour: Scale mail        |    60 |    33 ||    93
  Dodge: Dodged            |    59 |    30 ||    89
  Block: Buckler           |    34 |    12 ||    46

Table legend: (Time is in decaauts)
 A = Elapsed time spent in this place.
 B = Non-inter-level travel time spent in this place.
 C = Inter-level travel time spent in this place.
 D = Time resting spent in this place.
 E = Time spent auto-exploring this place.
 F = Levels seen in this place.
 G = Mean time per level.
                   A        B        C        D        E       F      G
               +--------+--------+--------+--------+--------+-----+--------+
         Total |   1915 |   1848 |     67 |      0 |   1465 |   3 |  638.3 |
       Dungeon |   1915 |   1848 |     67 |      0 |   1465 |   3 |  638.3 |
               +--------+--------+--------+--------+--------+-----+--------+

Top non-repeatable levels by time:
     D:1: 735 daAuts
     D:2: 727 daAuts
     D:3: 453 daAuts
